 Dungeon Crawl Stone Soup version 0.21.1-1-g345015f (webtiles) character file.

11628 Megalobster the Cleaver (level 11, -4/92 HPs)
             Began as a Ghoul Gladiator on Feb 9, 2018.
             Was a Priest of Makhleb.
             Killed by divine providence
             ... invoked by an orc priest
              (11 damage)
             ... on level 10 of the Dungeon.
             The game lasted 00:31:25 (11123 turns).

Megalobster the Cleaver (Ghoul Gladiator)          Turns: 11123, Time: 00:31:26

Health: -4/92      AC: 10    Str: 22    XL:     11   Next: 80%
Magic:  15/15      EV: 18    Int:  3    God:    Makhleb [***...]
Gold:   404        SH:  4    Dex: 10    Spells: 10/10 levels left

rFire    . . .     SeeInvis .   z - +0 hand axe (elec)
rCold    + + .     Gourm    .   N - +0 buckler
rNeg     + + +     Faith    .   e - +1 scale mail {rPois}
rPois    ∞         Spirit   .   c - +0 helmet
rElec    .         Reflect  .   r - +0 cloak
rCorr    .         Harm     .   (no gloves)
MR       .....                  (no boots)
Stlth    ..........             (no amulet)
HPRegen  0.00/turn              q - +6 ring of evasion
MPRegen  0.14/turn              x - ring of protection from cold

@: about to teleport, rotting
A: rotting body, claws 1, carnivore, cold resistance 1, negative energy
resistance 3, inhibited regeneration, torment resistance, unbreathing
a: Minor Destruction, Lesser Servant of Makhleb, Renounce Religion


You were on level 10 of the Dungeon.
You worshipped Makhleb.
Makhleb was most pleased with you.
You were not hungry.

You visited 2 branches of the dungeon, and saw 11 of its levels.

You collected 572 gold pieces.
You spent 168 gold pieces at shops.

Inventory:

Hand Weapons
 z - a +0 hand axe of electrocution (weapon)
 S - a +2 whip of freezing
Missiles
 d - 8 throwing nets {!f}
 h - 343 stones (quivered)
 u - 12 tomahawks
 A - 3 poisoned tomahawks
Armour
 c - a +0 helmet (worn)
 e - a +1 scale mail of poison resistance (worn)
 r - a +0 cloak (worn)
 N - a +0 buckler (worn)
Jewellery
 q - a +6 ring of evasion (left claw)
 x - a ring of protection from cold (right claw)
Wands
 G - a wand of iceblast (7)
 H - a wand of polymorph (24)
 O - a wand of digging (7)
Scrolls
 b - 2 scrolls of identify {@r1}
 g - a scroll of enchant armour {unknown}
 k - 2 scrolls of torment {unknown}
 m - 2 scrolls of amnesia {unknown}
 o - a scroll of blinking {unknown}
 s - a scroll of fear {unknown}
 t - a scroll of noise {unknown}
 w - 2 scrolls of enchant weapon
 y - 5 scrolls of teleportation
 C - a scroll of silence {unknown}
 E - a scroll of random uselessness {unknown}
 F - a scroll of immolation {unknown}
 Q - a scroll of remove curse {@r2}
Potions
 a - a potion of invisibility
 j - a potion of resistance {unknown}
 l - 2 potions of flight
 n - 10 potions of curing {@q1}
 p - a potion of berserk rage
 v - 2 potions of cancellation
 B - 2 potions of agility
 J - 2 potions of haste
 K - 3 potions of brilliance
 L - 2 potions of ambrosia {unknown}
 R - a potion of lignification {unknown}
Comestibles
 f - 14 rations
 i - 10 chunks of flesh


   Skills:
 + Level 7.0 Fighting
 * Level 11.6 Axes
 - Level 1.7 Throwing
 + Level 5.4 Armour
 + Level 6.2 Dodging
 - Level 4.0 Shields
 * Level 7.8 Invocations


You had 10 spell levels left.
You didn't know any spells.

Dungeon Overview and Level Annotations

Branches:
Dungeon (10/15)            Temple (1/1) D:5            Lair (0/6) D:9
    Orc: D:9-12

Altars:
Ashenzari
Cheibriados
Dithmenos
Elyvilon
Fedhas
Gozag
Hepliaklqana
Kikubaaqudgha
Makhleb
Nemelex Xobeh
Okawaru
Qazlal
Ru
Sif Muna
Trog
Uskayaw
Vehumet
Wu Jian
Xom
Yredelemnul
Zin
The Shining One

Shops:
D:10 *


Innate Abilities, Weirdness & Mutations

Your body is rotting away.
You thrive on raw meat.
You are immune to poison.
You have sharp fingernails.
You are carnivorous and can eat meat at any time.
Your flesh is cold resistant. (rC+)
You are immune to negative energy. (rN+++)
You do not regenerate when monsters are visible.
You are immune to unholy pain and torment.
You can survive without breathing.


Message History

The meliai is moderately wounded.
The meliai mumbles some strange prayers to its god against you.
Something smites you! The meliai closely misses you. The meliai stings you.
The meliai hits you with a hand axe!
* * * LOW HITPOINT WARNING * * *
The meliai closely misses you.
You take 24 damage, and have 27/92 hp.
MASSIVE DAMAGE!!
As you read the scroll of teleportation, it crumbles to dust.
You feel strangely unstable. The meliai misses you. The meliai stings you!
* * * LOW HITPOINT WARNING * * *
The meliai misses you.
The meliai stings you but does no damage.
You take 9 damage, and have 18/92 hp.
The meliai mumbles some strange prayers to its god against you.
Something smites you!
* * * LOW HITPOINT WARNING * * *
The orc priest mumbles some strange prayers to Beogh against you.
Beogh smites you!
You die... #..# ........## .. #####.######## ....oo.. .... .............. y.....# #..... #####.######## y.$.. +..... #.# .yo

#..... ##.# #.# #.....
#..# #####o# #.##
#.y.yo# ##.#### #@#####
#...>.# #.# ###.....#
##.######## .##.....#
#.........# ........#
#.........# ###.....#
#####.........#
#.....##..............#
#........####.........#
#.....### #.>.......#


You could see 2 meliai and 2 orc priests.

Vanquished Creatures
  Josephine (D:10)
  Harold (D:10)
  2 two-headed ogres
  The ghost of Quirk the Shield-Bearer, a novice GnFi (D:7)
  Pikel (D:6)
  Maurice (D:9)
  Joseph (D:10)
  Psyche (D:9)
  The ghost of Xelenos the Ruffian, a novice MiMo (D:5)
  2 komodo dragons (D:9)
  A troll (D:9)
  A meliai (D:10)
  A hippogriff (D:7)
  5 wraiths (D:10)
  Sigmund (D:5)
  A wyvern (D:9)
  Grum (D:9)
  A basilisk (D:9)
  A hungry ghost (D:10)
  Duvessa (D:5)
  A slave (D:6)
  2 phantoms (D:7)
  A swamp drake (D:9)
  2 orc warriors
  5 ice beasts
  3 ogres
  A necrophage (D:9)
  5 centaurs
  3 wolves
  2 crocodiles
  A big kobold (D:10)
  3 bullfrogs
  Dowan (D:5)
  2 scorpions
  3 killer bees (D:9)
  2 howler monkeys
  2 crimson imps
  3 jellies
  A quasit (D:7)
  3 hounds
  Crazy Yiuf (D:2)
  An orc priest (D:7)
  8 orc wizards
  A centaur skeleton (D:6)
  A gnoll shaman (D:4)
  2 bullfrog skeletons
  Terence (D:2)
  An iguana (D:3)
  7 worker ants
  2 hound zombies
  13 gnolls
  16 adders
  2 shadow imps
  2 adder zombies (D:8)
  2 adder skeletons
  3 worms
  3 dart slugs
  3 leopard geckos
  37 orcs
  3 bats
  6 giant cockroaches
  8 goblins
  11 hobgoblins
  8 jackals
  3 quokkas
  4 ball pythons
  4 frilled lizards
  A jackal skeleton (D:5)
  12 kobolds
  A leopard gecko skeleton (D:6)
  10 rats
249 creatures vanquished.

Vanquished Creatures (others)
  A crimson imp (D:5)
  An iguana (D:6)
2 creatures vanquished.

Grand Total: 251 creatures vanquished

Notes
Turn   | Place    | Note
-------+----------+-------------------------------------------
     0 | D:1      | Megalobster the Ghoul Gladiator began the quest for the Orb.
     0 | D:1      | Reached XP level 1. HP: 17/17 MP: 0/0
   162 | D:1      | Reached skill level 3 in Axes
   290 | D:1      | Reached XP level 2. HP: 23/24 MP: 1/1
   607 | D:1      | Reached XP level 3. HP: 24/29 MP: 2/2
   857 | D:2      | Reached skill level 4 in Axes
   894 | D:2      | Found a runed door.
  1316 | D:2      | Reached XP level 4. HP: 25/35 MP: 3/3
  1502 | D:2      | Noticed Terence
  1520 | D:2      | Killed Terence
  1907 | D:2      | Reached skill level 5 in Axes
  1963 | D:2      | Noticed Crazy Yiuf
  1974 | D:2      | Killed Crazy Yiuf
  1974 | D:2      | Reached XP level 5. HP: 24/41 MP: 4/4
  2519 | D:3      | Found a glowing golden altar of the Shining One.
  2914 | D:3      | Reached XP level 6. HP: 43/48 MP: 5/5
  2966 | D:3      | Reached skill level 6 in Axes
  3366 | D:4      | Found a blossoming altar of Fedhas.
  3666 | D:4      | Reached skill level 7 in Axes
  3666 | D:4      | Reached XP level 7. HP: 50/55 MP: 6/6
  4367 | D:5      | Entered Level 5 of the Dungeon
  4518 | D:5      | Noticed Xelenos's ghost (novice MiMo)
  4543 | D:5      | Killed Xelenos's ghost
  4543 | D:5      | Reached skill level 8 in Axes
  4543 | D:5      | Reached XP level 8. HP: 9/61 MP: 7/7
  4803 | D:5      | Found a staircase to the Ecumenical Temple.
  4811 | Temple   | Entered the Ecumenical Temple
  4936 | Temple   | Became a worshipper of Makhleb the Destroyer
  5140 | D:5      | Noticed Duvessa
  5154 | D:5      | Noticed Dowan
  5158 | D:5      | Killed Duvessa
  5158 | D:5      | Reached skill level 9 in Axes
  5174 | D:5      | Killed Dowan
  5174 | D:5      | Reached skill level 1 in Invocations
  5176 | D:5      | Reached skill level 1 in Armour
  5178 | D:5      | Noticed Sigmund
  5193 | D:5      | Killed Sigmund
  5953 | D:6      | Noticed Pikel
  5977 | D:6      | Killed Pikel
  5977 | D:6      | Reached XP level 9. HP: 55/71 MP: 8/10
  6200 | D:6      | Got a jewelled leather armour
  6257 | D:6      | Reached * piety under Makhleb
  6675 | D:7      | Noticed Quirk's ghost (novice GnFi)
  6694 | D:7      | Reached skill level 1 in Shields
  6700 | D:7      | Killed Quirk's ghost
  6700 | D:7      | Reached skill level 10 in Axes
  6921 | D:7      | Reached XP level 10. HP: 67/80 MP: 12/12
  7066 | D:7      | Reached skill level 5 in Fighting
  7773 | D:8      | Reached ** piety under Makhleb
  8068 | D:8      | Noticed a two-headed ogre
  8088 | D:8      | Killed a two-headed ogre
  8565 | D:9      | Noticed Psyche
  8581 | D:9      | Killed Psyche
  8581 | D:9      | Reached skill level 5 in Dodging
  8581 | D:9      | Reached skill level 5 in Invocations
  8616 | D:9      | Noticed a two-headed ogre
  8623 | D:9      | Killed a two-headed ogre
  8638 | D:9      | Noticed Maurice
  8652 | D:9      | Killed Maurice
  8652 | D:9      | Reached skill level 11 in Axes
  8652 | D:9      | Reached XP level 11. HP: 83/89 MP: 14/14
  9211 | D:9      | Found a staircase to the Lair.
  9370 | D:9      | Noticed Grum
  9539 | D:9      | Killed Grum
  9876 | D:10     | Entered Level 10 of the Dungeon
 10039 | D:10     | Found a shimmering altar of Xom.
 10042 | D:10     | Noticed Harold
 10063 | D:10     | Killed Harold
 10109 | D:10     | Noticed Joseph
 10121 | D:10     | Killed Joseph
 10121 | D:10     | Reached *** piety under Makhleb
 10121 | D:10     | Reached skill level 5 in Armour
 10248 | D:10     | Found Uzuzake's General Store.
 10253 | D:10     | Noticed Josephine
 10288 | D:10     | Killed Josephine
 10555 | D:10     | Bought a scroll of identify for 28 gold pieces
 10555 | D:10     | Bought a potion of haste for 140 gold pieces
 10575 | D:10     | Identified the cursed +0 leather armour of Daisies {Str+2 Dex+9 Slay-4} (You found it on level 6 of the Dungeon)
 11123 | D:10     | Killed from afar by an orc priest

Skill      XL: |  1  2  3  4  5  6  7  8  9 10 11 |
---------------+----------------------------------+-----
Axes           | 3 4 5 7 8 9 10 11 | 11.6
Dodging        | 3 4 5 6 |  6.2
Invocations    | 2 4 5 7 |  7.8
Armour         | 2 3 4 5 |  5.4
Fighting       | 3 4 6 7 |  7.0
Shields        | 2 4 |  4.0
Throwing       | |  1.7

Action                   |  1- 3 |  4- 6 |  7- 9 | 10-12 || total
-------------------------+-------+-------+-------+-------++-------
Melee: War axe           |    97 |   104 |       |       ||   201
       Hand axe          |       |    58 |   310 |   458 ||   826
Throw: Stone             |     1 |     1 |    12 |       ||    14
Invok: Minor Destruction |       |       |       |    32 ||    32
  Use: Potion            |       |     1 |       |     2 ||     3
       Scroll            |       |       |     1 |    10 ||    11
  Eat: Chunk             |     6 |    10 |    11 |    15 ||    42
       Ration            |       |       |     1 |       ||     1
Armor: Leather armour    |    32 |     8 |       |       ||    40
       Scale mail        |       |    39 |    78 |    73 ||   190
Dodge: Dodged            |    75 |   124 |   178 |   239 ||   616
Block: Buckler           |       |       |     5 |    64 ||    69
